 Dungeon Crawl Stone Soup version 0.23.1-37-gaa34b87 (webtiles) character file.

Game seed: 17417926294776593078

151060 Borgoz the Slicer (level 17, -1/104 HPs)
             Began as a Gargoyle Enchanter on Mar 21, 2019.
             Was a High Priest of Ashenzari.
             Slain by an Executioner (18 damage)
             ... summoned by a deep elf demonologist
             ... on level 1 of the Elven Halls.
             The game lasted 02:07:09 (41233 turns).

Borgoz the Slicer (Gargoyle Enchanter)             Turns: 41233, Time: 02:07:11

Health: -1/104     AC: 31    Str: 13    XL:     17   Next: 55%
Magic:  30/30      EV: 23    Int: 17    God:    Ashenzari [*****.]
Gold:   2047       SH:  0    Dex: 18    Spells: 25/34 levels left

rFire    + . .     SeeInvis +   a - +9 quick blade (venom)
rCold    + . .     Gourm    .   (no shield)
rNeg     + . .     Faith    .   z - +6 leather armour "Onoynurra" {MR+++}
rPois    ∞         Spirit   .   L - +0 helmet
rElec    +         Reflect  .   t - scarf {rC+ rF+} (curse)
rCorr    .         Harm     .   o - +2 pair of gloves (curse)
MR       ++++.     Clarity  +   q - +2 pair of boots {Stlth+} (curse)
Stlth    ++++++....             N - amulet of rage
HPRegen  0.27/turn              b - ring of wizardry (curse)
MPRegen  0.22/turn              J - ring "Watis" {+Inv +Fly Dex+3 SInv}

@: about to teleport, flying
A: big wings, negative energy resistance 1, electricity resistance, unbreathing,
petrification resistance, rot immunity, AC +12
a: Stop Flying, Curse Item, Scrying, Transfer Knowledge, Renounce Religion,
Evoke Berserk Rage, Evoke Invisibility


You were on level 1 of the Elven Halls.
You worshipped Ashenzari.
Ashenzari was extremely pleased with you.
You were not hungry.

You visited 7 branches of the dungeon, and saw 29 of its levels.
You visited the Abyss 1 time.

You collected 3097 gold pieces.
You spent 1050 gold pieces at shops.

Inventory:

Hand Weapons
 a - a +9 quick blade of venom (weapon)
 i - a +2 dagger of draining
 x - a +0 dagger of venom
 U - a +3 dagger
Missiles
 k - 4 curare-tipped needles
 l - 53 tomahawks
 r - 6 poisoned tomahawks
 M - 10 javelins
 P - a javelin of returning
 Q - 3 throwing nets (quivered)
 X - 2 exploding tomahawks
Armour
 o - a cursed +2 pair of gloves (worn)
 q - a cursed +2 pair of boots of stealth (worn)
 t - a cursed scarf of resistance (worn)
 y - a +1 ring mail of fire resistance
 z - the +6 leather armour "Onoynurra" (worn) {MR+++}
   (You found it on level 6 of the Lair of Beasts)

   It affects your resistance to hostile enchantments.
 K - a +1 buckler of fire resistance
 L - a +0 helmet (worn)
 T - the cursed +1 plate armour "Emubreo" {rElec rPois rN+ Stlth-}
   (You bought it in a shop on level 2 of the Orcish Mines)

   It insulates you from electricity.
   It protects you from poison.
   It protects you from negative energy.
   It makes you less stealthy.
   It has a curse placed upon it.
Jewellery
 b - a cursed ring of wizardry (left hand)
 I - a +4 ring of intelligence
 J - the ring "Watis" (right hand) {+Inv +Fly Dex+3 SInv}
   (You took it off a meliai on level 5 of the Lair of Beasts)

   [ring of flight]

   It affects your dexterity (+3).
   It lets you see invisible.
   It lets you turn invisible.
   It lets you fly.
 N - an amulet of rage (around neck)
 R - the brooch of Shielding {Reflect SH+8}
   (You took it off a merfolk on level 2 of the Shoals)

   [amulet of reflection]

   It shields you and reflects attacks.
   It affects your SH (+8).
 Y - an uncursed ring of ice
Wands
 e - a wand of digging (6)
 h - a wand of scattershot (8)
 j - a wand of paralysis (11)
 s - a wand of acid (20)
 w - a wand of disintegration (34)
 B - a wand of iceblast (18)
 O - a wand of random effects (38)
 V - a wand of clouds (3)
Scrolls
 f - 4 scrolls of blinking
 g - 8 scrolls of teleportation
 n - 4 scrolls of magic mapping
 p - a scroll of immolation
 A - 15 scrolls of identify
 D - 5 scrolls of enchant armour
 E - 10 scrolls of remove curse
 G - 2 scrolls of fear
 H - 2 scrolls of amnesia
Potions
 c - 3 potions of cancellation
 m - 2 potions of berserk rage
 u - 6 potions of curing
 v - 4 potions of brilliance
 C - 3 potions of might
 F - 2 potions of haste
 S - 2 potions of magic
 W - a potion of agility {unknown}
Comestibles
 d - 38 rations
 Z - 14 chunks of flesh


   Skills:
 + Level 11.0 Fighting
 * Level 12.7 Short Blades
 + Level 10.8 Armour
 * Level 11.8(14.2) Dodging
 + Level 12.2(14.5) Stealth
 + Level 9.4 Spellcasting
 + Level 11.5 Hexes
 - Level 3.0 Charms
 - Level 3.2 Necromancy
 - Level 3.3 Ice Magic
 + Level 5.3 Evocations


You had 25 spell levels left.
You knew the following spells:

 Your Spells              Type           Power        Failure   Level  Hunger
a - Corona                Hex            #####..      1%          1    None
b - Ensorcelled Hibernat  Hex/Ice        ####..       1%          2    None
c - Confuse               Hex            #####...     1%          3    None
d - Regeneration          Chrm/Necr      ###.......   3%          3    None

Your spell library contained the following spells:

 Spells                   Type           Power        Failure   Level  Hunger
 Animate Skeleton         Necr           N/A          1%          1    None
 Pain                     Necr           ###.         1%          1    None
 Dazzling Spray           Conj/Hex       ####..       1%          3    None
 Summon Guardian Golem    Hex/Summ       ####....     1%          3    None
 Tukima's Dance           Hex            #####...     1%          3    None
 Vampiric Draining        Necr           ###.......   3%          3    None
 Magic Dart               Conj           #...         4%          1    None
 Sting                    Conj/Pois      #...         4%          1    None
 Summon Small Mammal      Summ           #...         4%          1    None
 Fulminant Prism          Conj/Hex       ####......   4%          4    ###....
 Call Imp                 Summ           #.......     6%          2    None
 Poisonous Vapours        Pois/Air       #.....       6%          2    None
 Searing Ray              Conj           #.....       6%          2    None
 Animate Dead             Necr           N/A          12%         4    ###....
 Call Canine Familiar     Summ           #.......     13%         3    None
 Mephitic Cloud           Conj/Pois/Air  #.......     13%         3    None
 Summon Ice Beast         Ice/Summ       ##......     21%         4    ###....
 Force Lance              Conj/Tloc      #.......     38%         4    ###....
 Iskenderun's Mystic Bla  Conj           #.......     38%         4    ###....
 Olgreb's Toxic Radiance  Pois           #.......     38%         4    ###....
 Summon Lightning Spire   Summ/Air       #.......     38%         4    ###....
 Iskenderun's Battlesphe  Conj/Chrm      ##......     52%         5    #####..
 Bolt of Magma            Conj/Fire/Erth #.........   71%         5    #####..
 Venom Bolt               Conj/Pois      #.........   71%         5    #####..
 Iron Shot                Conj/Erth      #.........   99%         6    ######.
 Orb of Destruction       Conj           #.........   100%        7    #######
 Spellforged Servitor     Conj/Summ      #.........   100%        7    #######


Dungeon Overview and Level Annotations

Branches:
Dungeon (15/15)            Temple (1/1) D:4            Lair (6/6) D:10
 Shoals (3/4) Lair:2        Snake (1/4) Lair:4        Slime (0/5) Lair:5
    Orc (2/2) D:12            Elf (1/3) Orc:2        Vaults (0/5) D:14
 Depths (0/5) D:15

Altars:
Ashenzari
Cheibriados
Dithmenos
Elyvilon
Fedhas
Gozag
Hepliaklqana
Kikubaaqudgha
Makhleb
Nemelex Xobeh
Okawaru
Qazlal
Ru
Sif Muna
Trog
Uskayaw
Vehumet
Wu Jian
Xom
Yredelemnul
Zin
The Shining One
Beogh

Shops:
D:6 *[*=(   D:10 (   Orc:1 =   Orc:2 *([(   Shoals:2 *


Innate Abilities, Weirdness & Mutations

You are resistant to torment.
Your stone body is resilient. (AC +12)
You are immune to poison.
Your large and strong wings let you fly indefinitely.
You resist negative energy. (rN+)
You are resistant to electric shocks. (rElec)
You can survive without breathing.
You are immune to petrification.
You are immune to rotting.


Message History

The Executioner hits you but does no damage. x2
The Executioner completely misses you. x2; The Executioner misses you.
The Executioner hits you but does no damage.
You hear a grinding noise.
A deep elf archer comes into view.
It is wielding a +1 short sword of protection.
A deep elf high priest comes into view. It is wielding a +0 long sword.
The deep elf knight gestures wildly while chanting.
The deep elf knight flickers and vanishes for a moment.
The Executioner hits you. The Executioner closely misses you.
The Executioner completely misses you.
Found an uncursed short sword and 18 arrows.
The Executioner hits you! The Executioner completely misses you.
The Executioner hits you. The Executioner closely misses you.
The Executioner hits you but does no damage.
The Executioner closely misses you. The Executioner hits you!
* * * LOW HITPOINT WARNING * * *
The Executioner hits you but does no damage. x2
The Executioner hits you!!
You die...

..###...................#
#.....+ #.#
#...................###..####
#.#
#...................'....# #
#.#
#...................'....#
#.#
#..................####..#***
#§# #................)##
#..... #.#
#.....†.#####''#### #......
#o###..(....####...# #..####
#E..'....e.e'..1@..# * #..#
..)##....e.###2#####** , ..#
#..##......88.88#8 {*, ,,, *
#..###..).'....{.,, * #..#
##...).....e., { ,*
#..###...÷..)#..#..* * *,*
#..##.....)....$..e)8 *,*
#...'....)'))..$. {(8* *
....'.....#§.#e.# ,* **


You could see a cacodemon, an Executioner, a deep elf demonologist and 2 deep
elf knights.

Vanquished Creatures
  Saint Roka (Orc:2)
  The ghost of eccles the Severer, an adept MiBe of Trog (Shoals:2)
  Kirke (Shoals:2)
  Ilsuiw (Shoals:1)
  A fire giant (D:15)
  An orc warlord (D:14)
  A deep elf annihilator (Elf:1)
  The ghost of Qoypruj the Cruncher, a journeyman MiGl of the Shining One (Lair:4)
  3 merfolk javelineers
  Snorg (Lair:4)
  A merfolk impaler (Shoals:2)
  Fannar (D:11)
  A fire dragon (Lair:6)
  7 hydras
  3 merfolk avatars
  A naga warrior (Snake:1)
  The ghost of sdfsdf the Severer, a journeyman DDFi of Makhleb (Orc:1)
  4 centaur warriors
  Erica (D:11)
  An ogre mage (D:15)
  7 two-headed ogres
  7 dancing weapons
  A tengu warrior (D:13)
  A death yak (Lair:5)
  2 orc high priests
  Urug (Lair:5)
  Sonja (Orc:1)
  2 deep elf knights (Elf:1)
  3 fire crabs
  2 unseen horrors
  8 sea snakes
  A spectral hydra (Lair:4)
  A lindwurm (Lair:6)
  A wolf spider zombie (D:14)
  A harpy (shapeshifter) (D:13)
  A phantasmal warrior (D:14)
  15 deep elf magi
  A deep elf archer (Elf:1)
  14 harpies
  4 orc knights
  An obsidian statue (Shoals:2)
  7 ugly things
  6 fauns
  4 orc sorcerers
  A mana viper (Lair:4)
  4 oklob plants
  11 manticores
  A salamander (Snake:1)
  3 cyclopes
  Maurice (D:11)
  13 elephants
  Joseph (D:8)
  A naga mage (Lair:4)
  6 merfolk sirens
  7 black mambas
  3 water nymphs
  3 gargoyles
  2 molten gargoyles (Lair:6)
  10 spiny frogs
  2 rime drakes
  A centaur skeleton (D:13)
  15 komodo dragons
  A kobold demonologist (D:15)
  8 trolls
  A tengu conjurer (D:13)
  2 polar bears
  A queen bee (Lair:5)
  3 meliai (Lair:5)
  20 merfolk
  A hornet (D:8)
  5 wind drakes
  16 hippogriffs
  A slime creature (D:12)
  Prince Ribbit (D:8)
  21 blink frogs
  2 dream sheep (Shoals:3)
  3 snapping turtles
  An air elemental (Elf:1)
  2 shadows
  A wraith (D:12)
  2 water elementals (Elf:1)
  10 wyverns
  4 basilisks
  25 yaks
  2 fire bats (Lair:2)
  A spectral fire crab (Lair:4)
  Grum (D:8)
  2 steam dragons (Lair:6)
  5 hogs (Shoals:2)
  A vampire mosquito (D:12)
  A warg (Orc:1)
  3 hungry ghosts
  A death yak simulacrum (Lair:5)
  2 nagas (Lair:4)
  A naga (shapeshifter) (Elf:1)
  3 hell hounds (Lair:6)
  6 porcupines
  9 water moccasins
  Duvessa (D:4)
  Purgy (D:3)
  64 orc warriors
  4 black bears
  4 sky beasts
  8 ice beasts
  A necrophage (D:12)
  6 phantoms
  A black mamba simulacrum (Lair:5)
  53 wolves
  An eye of draining (D:12)
  10 centaurs
  10 ogres
  16 crocodiles
  2 big kobolds
  18 bullfrogs
  A wyvern zombie (D:11)
  An earth elemental (Elf:1)
  Dowan (D:4)
  A scorpion (D:6)
  A dream sheep simulacrum (Lair:5)
  53 killer bees
  5 howler monkeys
  3 wights (D:9)
  2 torpor snail simulacra (Lair:5)
  5 lava snakes (Lair:6)
  6 crimson imps
  A bullfrog zombie (D:12)
  3 quasits
  4 centaur zombies
  A bullfrog skeleton (D:11)
  4 hounds
  3 jellies
  32 orc priests
  37 orc wizards
  14 worker ants
  Natasha (thrice) (D:2)
  3 iguanas
  6 hell rats
  19 adders
  3 shadow imps
  An ooze (D:7)
  2 adder skeletons
  3 worms
  A dart slug (D:1)
  4 leopard geckos
  116 orcs
  7 bats
  4 giant cockroaches
  5 goblins
  10 hobgoblins
  12 jackals
  7 quokkas
  3 ball pythons
  A frilled lizard (D:4)
  14 kobolds
  2 leopard gecko skeletons
  9 rats
  9 bushes (D:12)
  24 plants
1025 creatures vanquished.

Vanquished Creatures (others)
  A quasit (D:12)
  9 orcs (Elf:1)
  2 fungi (Lair:5)
  14 plants
26 creatures vanquished.

Grand Total: 1051 creatures vanquished

Notes
Turn   | Place    | Note
-------+----------+-------------------------------------------
     0 | D:1      | Borgoz the Gargoyle Enchanter began the quest for the Orb.
     0 | D:1      | Reached XP level 1. HP: 10/10 MP: 3/3
    54 | D:1      | Reached skill level 1 in Short Blades
   287 | D:1      | Reached XP level 2. HP: 12/15 MP: 5/5
   324 | D:1      | You fall through a shaft!
   371 | D:1      | Learned a level 2 spell: Ensorcelled Hibernation
   707 | D:1      | Reached XP level 3. HP: 11/20 MP: 6/6
  2000 | D:2      | Learned a level 3 spell: Confuse
  2085 | D:2      | Reached skill level 1 in Fighting
  2085 | D:2      | Reached XP level 4. HP: 25/25 MP: 7/7
  2330 | D:2      | Noticed Natasha
  2351 | D:2      | Killed Natasha
  2351 | D:2      | Reached skill level 1 in Armour
  2452 | D:3      | Noticed an ogre
  2561 | D:3      | Reached XP level 5. HP: 24/29 MP: 8/8
  2644 | D:3      | Killed an ogre
  2943 | D:4      | Reached XP level 6. HP: 35/35 MP: 9/9
  2998 | D:2      | Noticed Natasha
  3033 | D:2      | Killed Natasha
  3320 | D:2      | Noticed Natasha
  3329 | D:2      | Killed Natasha
  3384 | D:4      | Found a staircase to the Ecumenical Temple.
  3402 | Temple   | Entered the Ecumenical Temple
  3471 | Temple   | Became a worshipper of Ashenzari the Shackled
  3510 | D:4      | Noticed Dowan
  3517 | D:4      | Noticed Duvessa
  3733 | D:4      | Noticed Purgy
  3886 | D:5      | Entered Level 5 of the Dungeon
  3920 | D:5      | Got the cursed dagger of Kyeresch {flame, rC+}
  3921 | D:5      | Identified the cursed +1 dagger of Kyeresch {flame, rC+}
                  | (You found it on level 5 of the Dungeon)
  3935 | D:5      | Noticed a sky beast
  3937 | D:5      | Noticed an ice beast
  3971 | D:5      | Killed an ice beast
  3971 | D:5      | Reached XP level 7. HP: 26/40 MP: 11/11
  4629 | D:6      | Found Humoplor's Assorted Antiques.
  4634 | D:6      | Found Ynteusch's Armour Shoppe.
  4642 | D:6      | Bought a +1 pair of boots of stealth for 181 gold pieces
  4706 | D:6      | Found Kigatoet's Weapon Shop.
  4828 | D:6      | Found Apytujea's Jewellery Shop.
  4967 | D:6      | Found Paerph's Assorted Antiques.
  4971 | D:6      | Identified a scroll of acquirement
  5353 | D:7      | Reached XP level 8. HP: 24/45 MP: 12/12
  5808 | D:5      | Reached * piety under Ashenzari
  6416 | D:7      | Reached skill level 5 in Hexes
  6522 | D:7      | Reached skill level 5 in Stealth
  7155 | D:3      | Killed Purgy
  7155 | D:3      | Reached XP level 9. HP: 50/52 MP: 14/14
  7308 | D:4      | Killed Duvessa
  7312 | D:4      | Killed Dowan
  7690 | D:8      | Reached skill level 5 in Short Blades
  7726 | D:8      | Reached ** piety under Ashenzari
  7755 | D:8      | Found a burning altar of Makhleb.
  7996 | D:8      | Noticed Grum
  8012 | D:8      | Reached skill level 5 in Dodging
  8025 | D:8      | Killed Grum
  8039 | D:8      | Noticed a hornet
  8043 | D:8      | Noticed Joseph
  8057 | D:8      | Reached XP level 10. HP: 43/58 MP: 9/16
  8082 | D:8      | Killed Joseph
  8235 | D:8      | Found a basalt altar of Yredelemnul.
  8573 | D:9      | Found a basalt altar of Yredelemnul.
  8785 | D:9      | Reached skill level 5 in Fighting
  9061 | D:8      | Reached skill level 5 in Armour
  9139 | D:8      | Noticed Prince Ribbit
  9146 | D:8      | Killed Prince Ribbit
  9776 | D:10     | Entered Level 10 of the Dungeon
  9810 | D:10     | Reached *** piety under Ashenzari
  9855 | D:10     | Found Qeddaefoa's Weapon Shoppe.
  9889 | D:10     | Reached skill level 5 in Spellcasting
  9961 | D:10     | Reached XP level 11. HP: 31/64 MP: 7/18
 10146 | D:10     | Learned a level 3 spell: Regeneration
 10161 | D:10     | Found a staircase to the Lair.
 10161 | D:10     | Noticed an oklob plant
 10172 | D:10     | Killed an oklob plant
 10587 | D:11     | Noticed a two-headed ogre
 10768 | D:11     | Killed a two-headed ogre
 10775 | D:11     | Noticed Erica
 10782 | D:11     | Noticed a manticore
 10788 | D:11     | Killed Erica
 10792 | D:11     | Noticed Fannar
 10923 | D:11     | Killed a manticore
 10962 | D:11     | Killed Fannar
 11024 | D:11     | Noticed a five-headed hydra
 11038 | D:11     | Killed a five-headed hydra
 11058 | D:11     | Noticed a cyan ugly thing
 11075 | D:11     | Noticed a red ugly thing
 11162 | D:11     | Killed a green ugly thing
 11442 | D:11     | Noticed Maurice
 11923 | D:11     | Killed Maurice
 11923 | D:11     | Reached XP level 12. HP: 54/71 MP: 20/20
 12014 | D:12     | Found a staircase to the Orcish Mines.
 12923 | D:12     | Found a blossoming altar of Fedhas.
 13022 | Lair:1   | Entered Level 1 of the Lair of Beasts
 13851 | Lair:2   | Found a staircase to the Shoals.
 13886 | Lair:1   | Reached skill level 1 in Evocations
 14122 | Lair:2   | Reached **** piety under Ashenzari
 14206 | Lair:2   | Noticed a five-headed hydra
 14224 | Lair:2   | Killed a five-headed hydra
 14663 | Lair:3   | Reached skill level 1 in Charms
 14805 | Lair:3   | Reached skill level 1 in Ice Magic
 15123 | Lair:3   | Reached skill level 1 in Necromancy
 15136 | Lair:3   | Reached XP level 13. HP: 56/76 MP: 4/22
 15632 | Lair:3   | Found a shimmering altar of Xom.
 16011 | Lair:4   | Found a staircase to the Snake Pit.
 17468 | Lair:5   | Found a runed translucent gate.
 17468 | Lair:5   | Found a runed translucent gate.
 17468 | Lair:5   | Found a runed translucent gate.
 17468 | Lair:5   | Noticed Qoypruj's ghost (journeyman MiGl)
 17580 | Lair:5   | Noticed Snorg
 17588 | Lair:5   | Noticed Urug
 17709 | Lair:4   | Killed Snorg
 18164 | Lair:5   | Killed Urug
 18857 | Lair:5   | Gained mutation: Your large and strong wings let you fly
                  | indefinitely. [Gargoyle growth]
 18857 | Lair:5   | Reached XP level 14. HP: 57/84 MP: 20/24
 19284 | Lair:5   | HP: 3/84 [meliai/divine providence (15)]
 21272 | D:13     | Reached skill level 10 in Hexes
 21895 | D:13     | Reached skill level 10 in Short Blades
 22078 | D:14     | Found a roughly hewn altar of Beogh.
 22359 | D:14     | Noticed an orc warlord
 22377 | D:14     | Killed an orc warlord
 22606 | D:14     | Reached skill level 10 in Stealth
 23536 | Lair:6   | Entered Level 6 of the Lair of Beasts
 23719 | Lair:6   | Reached ***** piety under Ashenzari
 23823 | Lair:6   | Got the uncursed leather armour "Onoynurra" {MR+++}
 23844 | Lair:6   | Identified the +6 leather armour "Onoynurra" {MR+++} (You
                  | found it on level 6 of the Lair of Beasts)
 24133 | Lair:5   | Found a staircase to the Slime Pits.
 24266 | Lair:5   | Reached XP level 15. HP: 85/89 MP: 26/26
 24806 | Lair:4   | Killed Qoypruj's ghost
 25356 | Lair:5   | Reached skill level 10 in Dodging
 25475 | Lair:5   | Identified the ring "Watis" {+Inv +Fly Dex+3 SInv}
 25882 | Lair:6   | Got the broad axe of War {freeze, rF- Str+4 Int+4 Dex+2}
 26314 | Lair:6   | Found a large runed translucent door.
 26314 | Lair:6   | Found a large runed translucent door.
 27440 | Orc:1    | Entered Level 1 of the Orcish Mines
 27556 | Orc:1    | Noticed Sonja
 27560 | Orc:1    | Killed Sonja
 27642 | Orc:1    | Found Gahishot's Jewellery Emporium.
 27661 | Orc:1    | Found a runed translucent gate.
 27661 | Orc:1    | Found a runed translucent gate.
 27737 | Orc:1    | Found a runed translucent gate.
 27756 | Orc:1    | Found an opulent altar of Gozag.
 27782 | Orc:1    | Noticed sdfsdf's ghost (journeyman DDFi)
 28085 | Orc:1    | Killed sdfsdf's ghost
 28178 | Orc:2    | Entered Level 2 of the Orcish Mines
 28371 | Orc:2    | Found a roughly hewn altar of Beogh.
 28518 | Orc:2    | Found a staircase to the Elven Halls.
 28552 | Orc:2    | Found a roughly hewn altar of Beogh.
 28674 | Orc:2    | Found a roughly hewn altar of Beogh.
 28774 | Orc:2    | Found a roughly hewn altar of Beogh.
 28782 | Orc:2    | Found Puodysk's Assorted Antiques.
 28840 | Orc:2    | Bought a scroll labeled VEAMIE QEFF for 27 gold pieces
 28895 | Orc:2    | Found a roughly hewn altar of Beogh.
 28936 | Orc:2    | Found a roughly hewn altar of Beogh.
 29030 | Orc:2    | Found a roughly hewn altar of Beogh.
 29052 | Orc:2    | Found Meath's Antique Weapon Shop.
 29258 | Orc:2    | Noticed Saint Roka
 29632 | Snake:1  | Entered Level 1 of the Snake Pit
 30128 | Shoals:1 | Entered Level 1 of the Shoals
 31151 | Shoals:1 | Reached XP level 16. HP: 86/97 MP: 28/28
 31825 | Shoals:2 | Found a runed translucent gate.
 31826 | Shoals:2 | Found a runed translucent gate.
 31827 | Shoals:2 | Found a runed translucent gate.
 31828 | Shoals:2 | Found an opulent altar of Gozag.
 31829 | Shoals:2 | Found Joemiej's Assorted Antiques.
 31830 | Shoals:2 | Noticed eccles's ghost (adept MiBe)
 31832 | Shoals:2 | Noticed Ilsuiw
 32004 | Shoals:1 | Killed Ilsuiw
 32578 | Shoals:2 | Reached skill level 10 in Fighting
 32744 | Shoals:2 | Noticed Kirke
 32808 | Shoals:2 | Killed Kirke
 33011 | Shoals:2 | Reached skill level 10 in Armour
 33150 | Shoals:3 | Found an ancient bone altar of Kikubaaqudgha.
 34354 | Shoals:2 | Cast into level 1 of the Abyss (chaos spawn)
 34384 | Shoals:2 | Escaped the Abyss
 34400 | Shoals:2 | Bought a scroll of identify for 40 gold pieces
 34400 | Shoals:2 | Bought a murky dark potion for 18 gold pieces
 34924 | Shoals:2 | Killed eccles's ghost
 35727 | Shoals:3 | HP: 4/98 [merfolk/+0 trident (11)]
 35727 | Shoals:3 | HP: 1/98 [manticore (3)]
 37261 | D:14     | Found a gate to the Vaults.
 37638 | D:15     | Entered Level 15 of the Dungeon
 37762 | D:15     | Found a staircase to the Depths.
 37777 | D:15     | Reached XP level 17. HP: 91/103 MP: 27/30
 38957 | Orc:2    | Found Mostrocu's Antique Weapon Boutique.
 38959 | Orc:2    | Found a roughly hewn altar of Beogh.
 38978 | Orc:2    | Found Jafu Kaqi's Antique Armour Shop.
 38990 | Orc:2    | Bought a dazzling plate armour for 784 gold pieces
 39422 | Elf:1    | Entered Level 1 of the Elven Halls
 39543 | Orc:2    | Killed Saint Roka
 39543 | Orc:2    | Reached skill level 5 in Evocations
 39743 | Elf:1    | Found a radiant altar of Vehumet.
 41223 | Elf:1    | Identified the +11 rapier of Fuoplouz {venom, -Tele +Fly
                  | rN+ Dex+4}
 41225 | Elf:1    | Noticed an Executioner
 41233 | Elf:1    | Slain by an Executioner

Skill      XL: |  1  2  3  4  5  6  7  8  9 10 11 12 13 14 15 16 17 |
---------------+----------------------------------------------------+-----
Short Blades   | 1 2 3 4 5 6 7 8 9 10 11 12 | 12.7
Hexes          | 3 4 5 6 7 8 9 10 11 | 11.5
Dodging        | 2 3 4 5 6 7 8 9 10 11 | 11.8
Fighting       | 1 2 3 4 5 6 7 8 9 10 11 | 11.0
Armour         | 1 2 3 4 5 6 7 8 9 10 | 10.8
Stealth        | 4 5 6 7 8 9 10 11 12 | 12.2
Spellcasting   | 3 4 5 6 7 8 9 |  9.4
Evocations     | 1 3 4 5 |  5.3
Charms         | 1 3 |  3.0
Ice Magic      | 1 3 |  3.3
Necromancy     | 1 2 3 |  3.2

Action                   |  1- 3 |  4- 6 |  7- 9 | 10-12 | 13-15 | 16-18 || total
-------------------------+-------+-------+-------+-------+-------+-------++-------
Melee: Dagger            |   185 |   278 |   332 |       |       |       ||   795
       Quick blade       |       |       |   238 |  1042 |  4080 |  1530 ||  6890
       Unarmed           |       |       |       |     7 |       |       ||     7
 Fire: Blowgun           |       |     6 |       |       |       |       ||     6
Throw: Throwing net      |       |       |     2 |       |       |     2 ||     4
 Cast: Ensorcelled Hiber |       |     3 |    25 |    91 |   135 |    33 ||   287
       Confuse           |       |       |       |    25 |    57 |    13 ||    95
       Regeneration      |       |       |       |       |     8 |     3 ||    11
Invok: Curse Item        |       |       |       |     2 |     1 |     1 ||     4
 Abil: Evoke Berserk Rag |       |       |       |       |     1 |     2 ||     3
       Fly               |       |       |       |       |     1 |       ||     1
Evoke: Wand              |       |       |     4 |     1 |     5 |     4 ||    14
  Use: Scroll            |       |    10 |     4 |    13 |     8 |     7 ||    42
       Potion            |       |       |     3 |       |     4 |     2 ||     9
 Stab: Sleeping          |     3 |     3 |    27 |    71 |   117 |    28 ||   249
       Distracted        |       |       |     1 |     3 |     7 |     3 ||    14
       Held in net/web   |       |       |     1 |       |       |       ||     1
       Paralysed         |       |       |     1 |       |       |       ||     1
       Confused          |       |       |       |    17 |    37 |     5 ||    59
       Invisible         |       |       |       |       |     4 |     1 ||     5
  Eat: Chunk             |     4 |     3 |    18 |    26 |    42 |    23 ||   116
       Ration            |       |     1 |       |       |     4 |     3 ||     8
Armor: Robe              |    73 |   153 |       |       |       |       ||   226
       Leather armour    |       |    24 |   193 |   226 |   585 |   361 ||  1389
Dodge: Dodged            |   130 |   218 |   244 |   407 |  1172 |   792 ||  2963
